 Dungeon Crawl Stone Soup version 0.26-a0-646-g5d77183 (webtiles) character file.

Game seed: 2601212853955017843

42 Crabhammer the Stinger (level 3, -5/28 HPs)
             Began as a Naga Venom Mage on Sept 24, 2020.
             Killed from afar by a white imp (10 damage)
             ... with a puff of frost
             ... on level 2 of the Dungeon.
             The game lasted 00:02:21 (663 turns).

Crabhammer the Stinger (Naga Venom Mage)             Turns: 663, Time: 00:02:21

Health: -5/28      AC:  2    Str: 10    XL:     3   Next: 54%
Magic:  3/6        EV: 10    Int: 16    God:
Gold:   82         SH:  0    Dex: 11    Spells: 6/7 levels left

rFire    . . .     SeeInvis +   a - +0 dagger (venom)
rCold    . . .     Faith    .   (no shield)
rNeg     . . .     Spirit   .   f - +0 robe
rPois    +         Reflect  .   (no helmet)
rElec    .         Harm     .   (no cloak)
rCorr    .         Rampage  .   (no gloves)
MR       .....                  (no barding)
Stlth    ++........             (no amulet)
HPRegen  0.09/turn              (no ring)
MPRegen  0.10/turn              (no ring)

@: short of breath, very slow
A: large, see invisible, deformed body, poison resistance, slowness 2, spit
poison 1, AC +1
a: Spit Poison


You were on level 2 of the Dungeon.
You visited 1 branch of the dungeon, and saw 2 of its levels.

You collected 82 gold pieces.

Inventory:

Hand Weapons
 a - a +0 dagger of venom (weapon)
Armour
 f - a +0 robe (worn)
Scrolls
 b - a scroll of remove curse {unknown}
 c - 5 scrolls of identify {unknown}
 d - a scroll of magic mapping {unknown}
 i - a scroll of teleportation {unknown}
Potions
 e - 3 potions of flight {unknown}
 g - a potion of lignification {unknown}
 h - a potion of berserk rage {unknown}


   Skills:
 + Level 0.2 Fighting
 + Level 1.7 Dodging
 - Level 3.0 Stealth
 + Level 2.5 Spellcasting
 + Level 1.1 Transmutations
 + Level 5.1 Poison Magic


You had 6 spell levels left.
You knew the following spells:

 Your Spells              Type           Power        Failure   Level
a - Sting                 Tmut/Pois      ##..         5%          1

Your spell library contained the following spells:

 Spells                   Type           Power        Failure   Level
 Poisonous Vapours        Pois/Air       ##....       11%         2
 Olgreb's Toxic Radiance  Pois           ###.....     24%         4
 Ignite Poison            Fire/Tmut/Pois #.......     26%         3
 Mephitic Cloud           Conj/Pois/Air  #.......     28%         3


Dungeon Overview and Level Annotations

Branches:
Dungeon (2/15)

Altars:


Innate Abilities, Weirdness & Mutations

You cannot wear boots.
Your serpentine skin is tough. (AC +1)
You have supernaturally acute eyesight. (SInv)
Armour fits poorly on your strangely shaped body.
Your system is resistant to poisons. (rPois)
You cover ground very slowly.
You can spit poison.


Message History

Press: ? - help, Shift-Dir - straight line, f/p - Terence
Aim: Terence, wielding a +0 short sword and wearing a +0 scale mail (heavily wounded, extremely poisoned)
The splash of poison hits Terence.
Terence is severely wounded.
Terence hits you with a +0 short sword.
Unknown command.
You hit Terence but do no damage.
Terence looks as sick as possible!
Terence is almost dead.
Terence hits you with a +0 short sword!
* * * LOW HITPOINT WARNING * * *
Unknown command.
You kill Terence!
Your Poison Magic skill increases to level 5!
You have reached level 3!
Your experience leads to an increase in your attributes!
Increase (S)trength, (I)ntelligence, or (D)exterity?
You feel clever.
Your skin feels tougher.
The white imp gestures at you. The puff of frost hits you!
You die...

.. ##### ...
##....# #...
.......## #...
#.......# ##..###
#.......# ....$..
........###.......
#.....5).@...>...
#.....####.......
#....<. .......
....... .......
....... ....>..
....... ......$
....... .......
....#.. .....##


You could see a white imp.

Vanquished Creatures
  Terence (D:2)
  A leopard gecko (D:1)
  A bat (D:1)
  A giant cockroach (D:1)
  3 goblins (D:1)
  2 hobgoblins (D:1)
  A frilled lizard (D:1)
  5 kobolds (D:1)
  A rat (D:1)
16 creatures vanquished.

Notes
Turn   | Place    | Note
-------+----------+-------------------------------------------
     0 | D:1      | Crabhammer the Naga Venom Mage began the quest for the Orb.
     0 | D:1      | Reached XP level 1. HP: 15/15 MP: 3/3
   155 | D:1      | Reached XP level 2. HP: 22/22 MP: 5/5
   653 | D:2      | Noticed Terence
   663 | D:2      | Killed Terence
   663 | D:2      | Reached skill level 5 in Poison Magic
   663 | D:2      | Reached XP level 3. HP: 5/28 MP: 3/6
   663 | D:2      | Killed from afar by a white imp

Illustrated notes

Levels and vault maps discovered:
D:1:      doesnt_arrival_eight_statues, layout_loops_ring,
          chequers_serial_rivers_marsh
D:2:      layout_rooms, uniq_terence

Skill      XL: |  1  2 |
---------------+-------+-----
Poison Magic   | 5 |  5.1
Fighting       | |  0.2
Dodging        | |  1.7
Stealth        | |  3.0
Spellcasting   | |  2.5
Transmutations | |  1.1

Action                   || total
-------------------------++-------
Melee: Dagger            ||    11
 Cast: Sting             ||     7
 Abil: Spit Poison       ||    12
 Stab: Sleeping          ||     2
Dodge: Dodged            ||     4

Table legend: (Time is in decaauts)
 A = Elapsed time spent in this place.
 B = Non-inter-level travel time spent in this place.
 C = Inter-level travel time spent in this place.
 D = Time resting spent in this place.
 E = Time spent auto-exploring this place.
 F = Levels seen in this place.
 G = Mean time per level.
                   A        B        C        D        E       F      G
               +--------+--------+--------+--------+--------+-----+--------+
         Total |    873 |    840 |     33 |      3 |    707 |   2 |  436.5 |
       Dungeon |    873 |    840 |     33 |      3 |    707 |   2 |  436.5 |
               +--------+--------+--------+--------+--------+-----+--------+

Top non-repeatable levels by time:
     D:1: 862 daAuts
     D:2: 10 daAuts
